 Dungeon Crawl Stone Soup version 0.31-a0-986-g5e6e4ef867 (webtiles) character file.

Game seed: 9456249715442487392

442 domi the Jinx (level 6, -5/41 HPs)
             Began as a Vampire Enchanter on Nov 16, 2023.
             Was a Follower of Uskayaw.
             Slain by a gnoll
             ... wielding a +0 halberd of freezing
             ... led by a gnoll bouda
              (9 damage)
             ... on level 5 of the Dungeon.
             The game lasted 00:06:57 (3411 turns).

domi the Jinx (Vampire Enchanter)                   Turns: 3411, Time: 00:06:58

Health: -5/41      AC:  5    Str:  5 (7)  XL:     6   Next: 71%
Magic:  4/9        EV: 12    Int: 17 (20) God:    Uskayaw [*.....]
Gold:   274        SH:  0    Dex: 12 (14) Spells: 4/9 levels left

rFire   . . .        a - +2 dagger
rCold   . . .        k - orb {*channel}
rNeg    . . .        r - +2 robe
rPois   .            (no helmet)
rElec   .            (no cloak)
rCorr   .            (no gloves)
SInv    +            g - +0 pair of boots
Will    .....        (no amulet)
Stlth   +++          (no ring)
HPRegen 0.46/turn    (no ring)
MPRegen 0.11/turn

%: channel magic (20%)
@: weak-willed, healing quickly
A: alive, fangs 3, see invisible, vampiric 2
a: Exsanguinate, Renounce Religion, Stomp


You were on level 5 of the Dungeon.
You worshipped Uskayaw.
Uskayaw was noncommittal.
You visited 1 branch of the dungeon, and saw 5 of its levels.

You collected 274 gold pieces.

Inventory:

Hand Weapons
 a - a +2 dagger (weapon)
Armour
 g - a +0 pair of boots (worn)
   (You found it on level 1 of the Dungeon)
 k - an orb of energy (worn)
   (You found it on level 2 of the Dungeon)
 r - a +2 robe (worn)
   (You took it off Jessica on level 3 of the Dungeon)
Scrolls
 d - 3 scrolls of blinking {unknown}
 e - 2 scrolls of amnesia
 f - a scroll of vulnerability {!r!r}
 i - 6 scrolls of identify {@r1}
 j - 2 scrolls of immolation {!r!r}
 l - 2 scrolls of teleportation {unknown}
 p - a scroll of poison {!r}
 q - a scroll of revelation {unknown}
 v - a scroll of butterflies {unknown}
Potions
 b - a potion of degeneration {!q}
 h - a potion of mutation {unknown}
 n - a potion of haste {@q3}
 o - a potion of curing {@q1}
 s - a potion of lignification {unknown}


   Skills:
 - Level 1.1 Short Blades
 - Level 2.1 Dodging
 - Level 4.4 Stealth
 - Level 2.0 Spellcasting
 + Level 9.2 Hexes
 + Level 3.9 Ice Magic
 + Level 0.4 Invocations


You had 4 spell levels left.
You knew the following spells:

 Your Spells              Type           Power      Damage    Failure   Level
z - Ensorcelled Hibernat  Hex/Ice        48%        N/A       8%          2
Z - Confusing Touch       Hex            33%        N/A       6%          3

Your spell library contained the following spells:

 Spells                   Type           Power      Damage    Failure   Level
 Tukima's Dance           Hex            33%        N/A       6%          3
 Dazzling Flash           Conj/Hex       34%        N/A       22%         3
 Poisonous Vapours        Pois/Air       2%         N/A       50%         2
 Mephitic Cloud           Conj/Pois/Air  1%         N/A       71%         3
 Freezing Cloud           Conj/Ice/Air   3%         6-21      99%         5


Dungeon Overview and Level Annotations

Branches:
Dungeon (5/15)
 Temple: D:4-7

Altars:
Ashenzari
Fedhas
Uskayaw
Vehumet


Innate Abilities, Weirdness & Mutations

Your natural rate of healing is accelerated.
You have razor-sharp teeth.
You have supernaturally acute eyesight. (SInv)
You are afflicted with vampirism and can become a bat while bloodless.


Message History

Your hands begin to glow red.
The iguana misses you.
You hit the iguana but do no damage. The iguana barely misses you.
You closely miss the iguana. The iguana bites you.
You hit the iguana but do no damage. The iguana bites you.
You hit the iguana but do no damage.
The iguana appears confused.
You hit the iguana.
You kill the iguana!
You feel your dexterity returning.
A gnoll comes into view. It is wielding a +0 halberd.
A gnoll is nearby!
A gnoll is nearby!
A gnoll is nearby!
A gnoll bouda and a gnoll come into view. 2 gnolls come into view.
The gnoll shouts! x4; You hear a shout!
The gnoll bouda shouts!
The gnoll attacks as it pursues you! The gnoll completely misses you.
The gnoll attacks as it pursues you! The gnoll closely misses you.
The gnoll attacks as it pursues you! The gnoll barely misses you.
The gnoll attacks as it pursues you!
The gnoll hits you from afar with a +0 halberd!
There is an open door here.
The gnoll misses you.
A gnoll comes into view.
It is wielding a +0 halberd of freezing.
The gnoll shouts!
The gnoll bouda barks out a call to the hunt!
The gnolls pick up the pace!
The gnoll barely misses you.
Press: ? - help, Shift-Dir - straight line, f - gnoll
Aim: a gnoll, wielding a +0 halberd (covering ground quickly, chance to affect: 64%)
The gnoll looks drowsy...
Magical energy flows into your mind!
The gnoll hits you from afar with a +0 halberd.
The helpless gnoll fails to defend itself.
You puncture the gnoll!
You kill the gnoll!
The gnoll closely misses you.
The gnoll bouda gazes fiercely through you!
You feel your attacks grow feeble.
Press: ? - help, Shift-Dir - straight line, f - gnoll
Aim: a gnoll, wielding a +0 whip (covering ground quickly, chance to affect: 64%)
The gnoll struggles to resist.
The gnoll barely misses you. The gnoll hits you but does no damage.
The gnoll completely misses you.
Press: ? - help, Shift-Dir - straight line, f/p - gnoll
Aim: a gnoll, wielding a +0 whip (covering ground quickly, chance to affect: 64%)
The gnoll struggles to resist.
The gnoll hits you from afar with a +0 halberd!
The gnoll closely misses you. The gnoll hits you with a +0 whip.
Press: ? - help, Shift-Dir - straight line, f/p - gnoll
Aim: a gnoll, wielding a +0 whip (covering ground quickly, chance to affect: 64%)
The gnoll struggles to resist.
The gnoll barely misses you. The gnoll closely misses you.
The gnoll barely misses you.
Press: ? - help, Shift-Dir - straight line, f/p - gnoll
Aim: a gnoll, wielding a +0 whip (covering ground quickly, chance to affect: 64%)
The gnoll struggles to resist.
Magical energy flows into your mind!
The gnoll hits you from afar with a +0 halberd!
* * * LOW HITPOINT WARNING * * *
The gnoll barely misses you. The gnoll hits you with a +0 whip.
* * * LOW HITPOINT WARNING * * *
Unknown command.
As you read the scroll labelled FAMNIU ANIXTU, it crumbles to dust.
It is a scroll of identify.
u - a potion of heal wounds Your attacks no longer feel as feeble.
The gnoll closely misses you.
You feel much better.
As you read the scroll labelled GULYEP BODIU, it crumbles to dust.
Magic quickly surges around you.
It was a scroll of vulnerability.
The gnoll hits you with a +0 whip. The gnoll closely misses you.
The gnoll bouda gazes fiercely through you!
You feel your attacks grow feeble.
The gnoll bouda hits you with a +0 whip.
The air fills with toxic fumes!
As you read the scroll labelled IPHYOQ TEVU, it crumbles to dust.
It was a scroll of poison.
The gnoll closely misses you.
The gnoll hits you from afar with a +0 halberd of freezing.
The gnoll freezes you.
The gnoll bouda hits you but does no damage.
Okay, then.
Unknown command.
As you read the scroll labelled KOOBBUQUARGH, it crumbles to dust.
It is a scroll of amnesia.
Okay, then.
The gnoll hits you but does no damage.
The gnoll hits you from afar with a +0 halberd of freezing!
The gnoll freezes you. The gnoll bouda barely misses you.
As you read the scroll labelled OFIT YKUIPRIXAT, it crumbles to dust.
It is a scroll of enchant weapon.
Your +1 dagger glows red for a moment.
The gnoll closely misses you.
The gnoll hits you from afar with a +0 halberd of freezing!
* * * LOW HITPOINT WARNING * * *
The gnoll freezes you.
* * * LOW HITPOINT WARNING * * *
The gnoll bouda closely misses you.
As you read the scroll labelled PESHEP ENEIXE, it crumbles to dust.
The creatures around you are filled with an inner flame!
It was a scroll of immolation.
Your attacks no longer feel as feeble.
The gnoll misses you.
The gnoll hits you from afar with a +0 halberd of freezing!
You die...

....#..#_.....#......#
....#..###..###......#
....#..#.....8#......#
....#..##8..8##......#
#####'####....#......#
..###...##<...#.....§######..
........##§§..#....§§........
........##§§§§####g##.†......
.........§§§§§§§@g§§#).......
.........§§§§§§§g§§§#........
.........§§§§§§§§§§§#........
#####################........
#########


You could see a gnoll bouda (inner flame, weak-willed) and 2 gnolls.

Vanquished Creatures
  An ogre (D:5)
  A scorpion (D:4)
  A hound (D:5)
  2 iguanas
  Jessica (D:3)
  Natasha (twice) (D:4)
  An orc wizard (D:5)
  2 gnolls
  2 adders
  2 worms
  A dart slug (D:2)
  6 orcs
  4 ball pythons
  9 endoplasms
  6 hobgoblins
  9 jackals
  5 quokkas
  4 bats
  A frilled lizard (D:2)
  2 goblins
  5 kobolds
  3 rats
70 creatures vanquished.

Notes
Turn   | Place    | Note
-------+----------+-------------------------------------------
     0 | D:1      | domi the Vampire Enchanter began the quest for the Orb.
     0 | D:1      | Reached XP level 1. HP: 13/13 MP: 3/3
    47 | D:1      | Reached skill level 5 in Hexes
    47 | D:1      | Reached XP level 2. HP: 12/19 MP: 5/5
   638 | D:2      | Reached skill level 6 in Hexes
   702 | D:2      | Gained mutation: You are afflicted with vampirism and can
                  | become a bat while bloodless. [Vampire growth]
   702 | D:2      | Reached XP level 3. HP: 24/24 MP: 6/6
  1076 | D:2      | Learned a level 2 spell: Ensorcelled Hibernation
  1080 | D:2      | Learned a level 3 spell: Confusing Touch
  1114 | D:2      | Reached skill level 7 in Hexes
  1119 | D:2      | Found a faded altar of an unknown god.
  1335 | D:3      | Identified the "Unnubbask"
  1544 | D:3      | Noticed Jessica
  1550 | D:3      | Killed Jessica
  1551 | D:3      | Reached skill level 1 in Ice Magic
  1551 | D:3      | Reached XP level 4. HP: 28/30 MP: 7/7
  1883 | D:3      | Found a radiant altar of Vehumet.
  2223 | D:4      | Noticed a scorpion
  2228 | D:4      | Killed a scorpion
  2229 | D:4      | Reached skill level 8 in Hexes
  2229 | D:4      | Reached skill level 2 in Ice Magic
  2229 | D:4      | Reached XP level 5. HP: 35/35 MP: 8/8
  2421 | D:4      | Noticed Natasha
  2428 | D:4      | Killed Natasha
  2847 | D:4      | Noticed Natasha
  2880 | D:4      | Killed Natasha
  2881 | D:4      | Reached skill level 3 in Ice Magic
  3005 | D:5      | Entered Level 5 of the Dungeon
  3103 | D:5      | Noticed an ogre
  3107 | D:5      | Reached XP level 6. HP: 41/41 MP: 4/9
  3123 | D:5      | Reached skill level 9 in Hexes
  3264 | D:5      | Found a blossoming altar of Fedhas.
  3265 | D:5      | Found a broken altar of Ashenzari.
  3265 | D:5      | Found a hide-covered altar of Uskayaw.
  3311 | D:5      | Became a worshipper of Uskayaw the Reveller
  3336 | D:5      | Reached * piety under Uskayaw
  3403 | D:5      | HP: 7/41 [gnoll/+0 halberd[a gnoll bouda] (15)]
  3410 | D:5      | HP: 5/41 [gnoll/+0 halberd of freezing[a gnoll bouda] (8)]
  3411 | D:5      | Slain by a gnoll

Illustrated notes

Levels and vault maps discovered:
D:1:      psy_arrival_dodecagon, layout_basic, st_stairs_1
D:2:      layout_loops_ring, hellmonk_ecumenical_altar_prayer_group
D:3:      layout_loops_cross, mainiacjoe_overflow_alcove_4,
          kennysheep_jessica_study
D:4:      layout_loops_ring, uniq_natasha
D:5:      layout_gridville, minitemple, minmay_temple_entry_stoned_glass,
          uniq_menkaure

Skill      XL: |  1  2  3  4  5  6 |
---------------+-------------------+-----
Hexes          | 5 6 7 8 9 |  9.2
Ice Magic      | 1 2 3 |  3.9
Short Blades   | |  1.1
Dodging        | |  2.1
Stealth        | |  4.4
Spellcasting   | |  2.0
Invocations    | |  0.4

Action                     |  1- 3 |  4- 6 || total
---------------------------+-------+-------++-------
  Melee: Dagger            |    79 |    75 ||   154
         Bite              |     7 |     3 ||    10
         Punch             |     1 |       ||     1
   Cast: Ensorcelled Hiber |     2 |    35 ||    37
         Confusing Touch   |       |     1 ||     1
    Use: Potion            |     2 |     6 ||     8
         Scroll            |       |     6 ||     6
   Stab: Invisible         |     2 |       ||     2
         Sleeping          |    17 |    27 ||    44
 Armour: Robe              |    32 |    55 ||    87
  Dodge: Dodged            |    48 |    58 ||   106

Table legend: (Time is in decaauts)
 A = Elapsed time spent in this place.
 B = Non-inter-level travel time spent in this place.
 C = Inter-level travel time spent in this place.
 D = Time resting spent in this place.
 E = Time spent auto-exploring this place.
 F = Levels seen in this place.
 G = Mean time per level.
                   A        B        C        D        E       F      G
               +--------+--------+--------+--------+--------+-----+--------+
         Total |   3383 |   3198 |    185 |      0 |   2672 |   5 |  676.6 |
       Dungeon |   3383 |   3198 |    185 |      0 |   2672 |   5 |  676.6 |
               +--------+--------+--------+--------+--------+-----+--------+

Top non-repeatable levels by time:
     D:4: 848 daAuts
     D:3: 818 daAuts
     D:2: 728 daAuts
     D:1: 601 daAuts
     D:5: 387 daAuts

Levels and vault maps discovered:
D:1:      psy_arrival_dodecagon, layout_basic, st_stairs_1
D:2:      layout_loops_ring, hellmonk_ecumenical_altar_prayer_group
D:3:      layout_loops_cross, mainiacjoe_overflow_alcove_4,
          kennysheep_jessica_study
D:4:      layout_loops_ring, uniq_natasha
D:5:      layout_gridville, minitemple, minmay_temple_entry_stoned_glass,
          uniq_menkaure

Table legend: (Time is in decaauts)
 A = Elapsed time spent in this place.
 B = Non-inter-level travel time spent in this place.
 C = Inter-level travel time spent in this place.
 D = Time resting spent in this place.
 E = Time spent auto-exploring this place.
 F = Levels seen in this place.
 G = Mean time per level.
                   A        B        C        D        E       F      G
               +--------+--------+--------+--------+--------+-----+--------+
         Total |   3383 |   3198 |    185 |      0 |   2672 |   5 |  676.6 |
       Dungeon |   3383 |   3198 |    185 |      0 |   2672 |   5 |  676.6 |
               +--------+--------+--------+--------+--------+-----+--------+

Top non-repeatable levels by time:
     D:4: 848 daAuts
     D:3: 818 daAuts
     D:2: 728 daAuts
     D:1: 601 daAuts
     D:5: 387 daAuts

Table legend:
 A = Kills in this place as a percentage of kills in the entire game.
 B = Kills by you in this place as a percentage of kills by you in the entire game.
 C = Kills by friends in this place as a percentage of kills by friends in the entire game.
 D = Other kills in this place as a percentage of other kills in the entire game.
 E = Experience gained in this place as a percentage of experience gained in the entire game.
 F = Experience gained in this place divided by the number of levels of this place that you have seen.
                   A       B       C       D       E      F
               +-------+-------+-------+-------+-------+----------------------
         Total | 100.0 | 100.0 |   N/A |   N/A | 100.0 | 126.4
       Dungeon | 100.0 | 100.0 |   N/A |   N/A | 100.0 | 126.4
               +-------+-------+-------+-------+-------+----------------------
